 Dungeon Crawl Stone Soup version 0.30.0-15-g856e2d3f33 (webtiles) character file.

Game seed: 7104779606769304159

45 javelincjr the Ducker (level 3, -2/25 HPs)
             Began as a Djinni Fire Elementalist on May 18, 2023.
             Shot with a sling bullet by a goblin (4 damage)
             ... led by Robin
             ... on level 2 of the Dungeon.
             The game lasted 00:04:55 (1028 turns).

javelincjr the Ducker (Djinni Fire Elementalist)    Turns: 1028, Time: 00:04:55

Health: -2/25      AC:  2    Str:  7    XL:     3   Next: 90%
Gold:   89         EV: 12    Int: 18    God:
                   SH:  0    Dex: 13

rFire   + + .        e - +0 war axe
rCold   x . .        (no shield)
rNeg    . . .        a - +0 robe
rPois   ∞            (no helmet)
rElec   .            (no cloak)
rCorr   .            (no gloves)
SInv    .            (boots unavailable)
Will    .....        (no amulet)
Stlth   ++           (no ring)
HPRegen 0.24/turn    (no ring)
MPRegen 0.00/turn

%: infuse magic (-3 HP)
@: about to teleport, flying
A: sickness immunity, fire resistance 2, cold vulnerability 1, float, innate
caster, HP casting, extra vitality 1
a: no special abilities


You were on level 2 of the Dungeon.
You visited 1 branch of the dungeon, and saw 2 of its levels.

You collected 89 gold pieces.

Inventory:

Hand Weapons
 e - a +0 war axe (weapon)
Armour
 a - a +0 robe (worn)
Potions
 d - 3 potions of curing {unknown}
 g - 2 potions of lignification {unknown}


   Skills:
 + Level 0.2 Fighting
 + Level 3.0 Dodging
 + Level 2.3 Stealth
 + Level 2.8 Spellcasting


You knew the following spells:

 Your Spells              Type           Power      Damage    Failure   Level
a - Foxfire               Conj/Fire      48%        2x1d6     5%          1
b - Scorch                Fire           24%        2d6       8%          2
c - Volatile Blastmotes   Fire/Tloc      24%        2d12      16%         3
d - Inner Flame           Hex/Fire       12%        N/A       16%         3
e - Flame Wave            Conj/Fire      12%        2d6       45%         4
f - Necrotise             Necr           48%        1d6       5%          1
Your spell library was empty.

Dungeon Overview and Level Annotations

Branches:
Dungeon (2/15)

Altars:

Annotations:
D:2 Robin


Innate Abilities, Weirdness & Mutations

You are immune to sickness and miasma.
You are immune to poison.
Your flesh is very heat resistant. (rF++)
You are vulnerable to cold. (rC-)
You float through the air rather than walking.
You learn spells naturally, not from books.
Your magical power is your life essence.
You have superior vitality. (+4 MHP)


Message History

The hobgoblin blinks!
You blink.
The goblin blinks!
The goblin barely misses you.
You conjure some foxfire!
The goblin hits you with a +0 dagger. The goblin hits you with a +0 club.
The hobgoblin attacks as you move away! The hobgoblin hits you.
The foxfire hits the goblin.
The goblin is severely wounded.
The foxfire hits the goblin.
The goblin is heavily wounded.
The foxfire hits the goblin.
You kill the goblin!
The goblin shoots a sling bullet.
The sling bullet hits you. The giant cockroach bites you.
The goblin hits you with a +0 dagger.
* * * LOW HITPOINT WARNING * * *
Robin throws the goblin at you!
* * * LOW HITPOINT WARNING * * *
Your Dodging skill increases to level 3!
As you read the scroll labelled HOR PIAVUIWN, it crumbles to dust.
The creatures around you are filled with an inner flame!
It was a scroll of immolation.
The giant cockroach closely misses you. The hobgoblin hits you.
* * * LOW HITPOINT WARNING * * *
The goblin hits you with a +0 dagger.
* * * LOW HITPOINT WARNING * * *
Robin roars a battlecry!
The hobgoblin goes into a battle-frenzy!
As you read the scroll labelled HOICRA QAONE, it crumbles to dust.
You feel strangely unstable.
It was a scroll of teleportation.
The giant cockroach barely misses you. The goblin closely misses you. x2
Robin throws the goblin at you! The goblin barely misses you.
Blink to where?
Press: ? - help, Dir - move target
Found a stone staircase leading down.
As you read the scroll labelled BOBOSI FAWNIOH, it crumbles to dust.
It was a scroll of blinking.
The goblin shoots a sling bullet.
The sling bullet hits you.
* * * LOW HITPOINT WARNING * * *
You hear an angry hiss.
The goblin shoots a sling bullet.
The sling bullet hits you.
You die...

#######.g..## .
.......gg.B.#.
#####.#gggg.#.#
##....^....#
#........#.#
#g...|g....#
#..........##
....#........#
....####@#......
## #.......#
###..##.# ..# #
># ##


You could see Robin (inner flame), a giant cockroach (inner flame), 2 hobgoblins
and 5 goblins.

Vanquished Creatures
  A gnoll (D:1)
  2 dart slugs (D:1)
  4 bats (D:1)
  6 goblins
  5 hobgoblins
  4 kobolds
  A quokka (D:1)
  2 ball pythons (D:1)
  2 frilled lizards (D:1)
  A rat (D:1)
28 creatures vanquished.

Vanquished Creatures (others)
  79 foxfires
79 creatures vanquished.

Grand Total: 107 creatures vanquished

Notes
Turn   | Place    | Note
-------+----------+-------------------------------------------
     0 | D:1      | javelincjr the Djinni Fire Elementalist began the quest for
                  | the Orb.
     0 | D:1      | javelincjr set off with the following spells memorised:
                  | Foxfire, Scorch, Volatile Blastmotes, Inner Flame, Flame
                  | Wave.
     0 | D:1      | Reached XP level 1. HP: 15/15 MP: 0/0
    99 | D:1      | Reached XP level 2. HP: 19/21 MP: 0/0
   500 | D:1      | Reached XP level 3. HP: 18/25 MP: 0/0
   500 | D:1      | Learned a level 1 spell: Necrotise
  1016 | D:2      | Noticed Robin
  1025 | D:2      | Reached skill level 3 in Dodging
  1028 | D:2      | Shot with a sling bullet by a goblin

Illustrated notes

Levels and vault maps discovered:
D:1:      dpeg_arrival_water_temple_mockup, layout_basic,
          minmay_misc_feat_cross, minmay_statues_item, minmay_shallow_snake_nest
D:2:      layout_basic, uniq_robin

Skill      XL: |  1  2  3 |
---------------+----------+-----
Stealth        | 2 |  2.3
Dodging        | 3 |  3.0
Fighting       | |  0.2
Spellcasting   | |  2.8

Action                     || total
---------------------------++-------
  Melee: War axe           ||    11
   Cast: Foxfire           ||    47
    Use: Scroll            ||     3
 Armour: Robe              ||     4
  Dodge: Dodged            ||    17
